 Dungeon Crawl Stone Soup version 0.29.1-2-gbd0b4ee654 (webtiles) character file.

Game seed: 12294170244465637568

37 xian the Trooper (level 3, -3/34 HPs)
             Began as a Minotaur Abyssal Knight on Oct 29, 2022.
             Was a Believer of Lugonu.
             Slain by a gnoll
             ... wielding a +1 vorpal spear
              (7 damage)
             ... on level 2 of the Dungeon.
             The game lasted 00:03:55 (1237 turns).

xian the Trooper (Minotaur Abyssal Knight)          Turns: 1237, Time: 00:03:55

Health: -3/34      AC:  3    Str: 19    XL:     3   Next: 23%
Magic:  3/3        EV: 11    Int:  7    God:    Lugonu [**....]
Gold:   100        SH:  0    Dex: 10    Spells: 2/2 levels left

rFire   . . .      SeeInvis .   a - +1 hand axe
rCold   . . .      Faith    .   (no shield)
rNeg    . . .      Spirit   .   b - +0 leather armour
rPois   .          Reflect  .   (helmet restricted)
rElec   .          Harm     .   (no cloak)
rCorr   .          Rampage  .   (no gloves)
Will    .....                   (no boots)
Stlth   +.........              (no amulet)
HPRegen 0.11/turn               (no ring)
MPRegen 0.08/turn               (no ring)

@: no status effects
A: horns 2, retaliatory headbutt
a: Renounce Religion, Depart the Abyss, Bend Space


You were on level 2 of the Dungeon.
You worshipped Lugonu.
Lugonu was pleased with you.
You visited 1 branch of the dungeon, and saw 2 of its levels.
You visited the Abyss 1 time.

You collected 100 gold pieces.

Inventory:

Hand Weapons
 a - a +1 hand axe (weapon)
Armour
 b - a +0 leather armour (worn)
Scrolls
 c - a scroll of magic mapping {unknown}
 e - 2 scrolls of fear {unknown}
 f - a scroll of enchant armour {unknown}
 h - 2 scrolls of identify {unknown}
 k - a scroll of teleportation {unknown}
Potions
 d - a potion of heal wounds {unknown}
 g - a potion of cancellation {unknown}
 i - a potion of haste {unknown}
 j - 2 potions of degeneration {unknown}


   Skills:
 + Level 4.5 Fighting
 + Level 3.0 Axes
 + Level 2.7 Armour
 + Level 1.1 Dodging
 * Level 2.2 Invocations


You had 2 spell levels left.
You didn't know any spells.
Your spell library was empty.

Dungeon Overview and Level Annotations

Branches:
Dungeon (2/15)

Altars:

Shops:
D:1 ?


Innate Abilities, Weirdness & Mutations

You have a pair of horns on your head.
You reflexively headbutt those who attack you in melee.


Message History

You kill the endoplasm!
Lugonu accepts your kill.
Found a stone staircase leading up.
A gnoll comes into view. It is wielding a +1 vorpal spear.
The gnoll shouts!
A gnoll comes into view. It is wielding a +0 club.
The gnoll shouts!
A gnoll comes into view. It is wielding a +0 flail.
The gnoll shouts!
You hit the plant.
The plant begins to die.
You headbutt the plant!
The plant is lightly damaged.
You hit the plant.
The plant begins to die.
You hit the plant.
The plant begins to die.
A nearby plant withers and dies. x2
A nearby plant withers and dies.
The gnoll barely misses you.
You closely miss the gnoll. The gnoll closely misses you.
You barely miss the gnoll. The gnoll misses you. The gnoll closely misses you.
You hit the gnoll. You punch the gnoll, but do no damage.
The gnoll is heavily wounded.
The gnoll hits you with a +0 club.
The gnoll hits you from afar with a +1 vorpal spear!
You slash the gnoll!
You kill the gnoll!
Lugonu accepts your kill.
The gnoll hits you from afar with a +1 vorpal spear.
Your Axes skill increases to level 3!
You have reached level 3!
Your experience leads to an increase in your attributes!
Increase (S)trength, (I)ntelligence, or (D)exterity?
You feel stronger. x2
Unknown command.
You hit the gnoll.
The gnoll is moderately wounded.
The gnoll hits you from afar with a +1 vorpal spear.
* * * LOW HITPOINT WARNING * * *
x2 The gnoll hits you with a +0 flail.
* * * LOW HITPOINT WARNING * * *
The gnoll hits you from afar with a +1 vorpal spear!
You die...

##.#.#.#.## .#..... #....).#.#
###.#..... #..#.#...###
##......... .......###..
#...P......... ..###.####.#
#.......P..... #..##...##.#
#...g......... #...###.##.#
#.....P.P.....
#........#.########.............
.......(........@g.....P.P..<...
.#.....#.....#####g..P..P...#..#
.####....###.## ###...........#
.## ###... #..## ###..#..###.#
..# #.#.###..# ###..#...# #.#
###.#......####....#..##
#.##....######...##.#.....#
.....##. ##.†......#..# .#.###
##....##.#.##


You could see 2 gnolls.

Vanquished Creatures
  A gnoll (D:2)
  4 ball pythons
  2 bats
  3 endoplasms
  2 giant cockroaches
  2 goblins (D:2)
  5 hobgoblins
  A quokka (D:2)
  A frilled lizard (D:1)
  3 kobolds
  A rat (D:2)
25 creatures vanquished.

Vanquished Creatures (others)
  14 plants (D:2)
14 creatures vanquished.

Grand Total: 39 creatures vanquished

Notes
Turn   | Place    | Note
-------+----------+-------------------------------------------
     0 | Abyss:1  | xian the Minotaur Abyssal Knight began the quest for the
                  | Orb.
     0 | Abyss:1  | Reached XP level 1. HP: 19/19 MP: 1/1
     1 | D:1      | Escaped the Abyss
   241 | D:1      | Reached skill level 4 in Fighting
   353 | D:1      | Reached XP level 2. HP: 20/27 MP: 2/2
   697 | D:1      | Found Efril's Magic Scroll Emporium.
   711 | D:1      | Found a faded altar of an unknown god.
  1237 | D:2      | Reached XP level 3. HP: 15/34 MP: 3/3
  1237 | D:2      | Slain by a gnoll

Illustrated notes

Levels and vault maps discovered:
D:1:      dpeg_arrival_concentric_ovals, layout_basic, serial_rivers,
          chequers_serial_rivers_micro_a, chequers_serial_rivers_micro_e,
          chequers_serial_rivers_large_a, chequers_serial_rivers_micro_a,
          hellmonk_ecumenical_altar_lost_god, serial_shops,
          nicolae_shop_hallway_stairs
D:2:      layout_rooms, serial_shops, nicolae_lakefront_shop,
          grunt_decor_junction, glass_columns_a, serial_park_tiny_1,
          nicolae_grassy_gnolls

Skill      XL: |  1  2 |
---------------+-------+-----
Fighting       | 4 |  4.5
Invocations    | 2 |  2.2
Axes           | 3 |  3.0
Armour         | |  2.7
Dodging        | |  1.1

Action                   || total
-------------------------++-------
Melee: Hand axe          ||    56
       Headbutt          ||    10
       Punch             ||     1
Armor: Leather armour    ||    14
Dodge: Dodged            ||    39
